Map: Catalyst LE

Players

JonSnow

  • Race: Zerg Zerg
  • Spawn Location: 5:00

PandaBearMe - Winner!

  • Race: Zerg Zerg
  • Spawn Location: 11:00

Event: WCS Austin 2018

VOD

Have the link to the VOD?

Description

Time

  • Played on: June 1, 2018, 6:09 p.m.
  • Length: 9:28

All games in this series

Show
View Real Time Build Order
Export as new Build Order

JonSnow Zerg 

Build Orders: Hatch First 

Get SALT Encoding   

  12  0:00  Drone  
  13  0:13  Overlord  
  13  0:17  Drone  
  14  0:31  Drone x2  
  16  0:50  Hatchery  
  16  0:53  Drone  
  16  1:02  Drone  
  17  1:10  Spawning Pool  
  16  1:13  Drone  
  16  1:16  Extractor  
  16  1:19  Drone  
  16  1:22  Drone  
  18  1:28  Drone  
  19  1:52  Overlord  
  19  1:56  Drone, Queen  
  22  2:02  Drone, Queen  
  22  2:04  Drone  
  26  2:09  Evolution Chamber  
  26  2:12  Drone  
  26  2:22  Drone x2  
  28  2:28  Drone  
  29  2:38  Drone x2  
  29  2:43  Zerg Ground Armor Level 1  
  29  2:44  Queen  
  31  2:49  Overlord  
  33  3:03  Overlord  
  33  3:07  Spine Crawler  
  32  3:14  Metabolic Boost  
  32  3:18  Evolution Chamber  
  31  3:20  Zergling x6  
  31  3:21  Roach Warren  
  33  3:29  Zergling x2  
  33  3:30  Evolution Chamber, Zergling x2  
  34  3:36  Zergling x2  
  34  3:37  Zergling x2  
  36  3:43  Zergling x6  
  39  3:50  Drone x2  
  39  3:55  Baneling Nest  
  42  4:03  Hatchery  
  42  4:08  Zergling x6  
  44  4:15  Overlord  
  44  4:24  Overlord  
  44  4:33  Drone x6  
  50  4:45  Drone x2  
  50  4:46  Roach Warren  
  49  4:59  Overlord  
  49  5:01  Spine Crawler  
  47  5:19  Queen  
  47  5:20  Overlord  
  49  5:28  Roach x8  
  65  5:34  Roach x2  
  69  5:40  Roach x2  
  71  5:47  Roach  
  71  5:48  Roach  
  75  5:50  Roach  
  68  5:58  Roach  
  68  6:03  Zergling x6  
  64  6:11  Roach  
  64  6:12  Zergling x2  
  64  6:17  Zergling x2  
  64  6:18  Zergling x8  
  70  6:19  Drone  
  71  6:31  Roach x2  
  72  6:40  Zergling x4  
  72  6:43  Queen  
  72  6:46  Zergling x2  
  74  6:51  Extractor  
  73  6:56  Zergling x2  
  73  6:59  Overlord  
  73  7:04  Zergling x4  
  73  7:11  Overlord  
  72  7:18  Drone x7  
  79  7:27  Drone x4  
  81  7:33  Overlord  
  81  7:39  Extractor  
  80  7:45  Overlord  
  80  7:47  Roach x5  
  89  7:52  Roach x4  
  89  7:54  Overlord  
  97  7:59  Overlord  
  97  8:04  Overlord  
  97  8:11  Overlord  
  97  8:16  Roach x4, Zergling x2  
  105  8:30  Lair  
  105  8:32  Drone  
  105  8:33  Drone x5  
  109  8:38  Overlord  
  109  8:43  Extractor  
  108  8:56  Drone x2  
  108  8:57  Overlord, Drone  
  108  9:01  Roach  
  108  9:02  Roach x4  
  120  9:06  Roach  
Show
View Real Time Build Order
Export as new Build Order

PandaBearMe Zerg - Winner!

Build Orders: Hatch First 

Get SALT Encoding   

  12  0:02  Drone  
  13  0:12  Overlord  
  13  0:17  Drone  
  14  0:31  Drone x2  
  16  0:49  Hatchery  
  15  0:52  Drone  
  15  0:56  Drone  
  17  0:59  Drone  
  17  1:01  Extractor  
  17  1:17  Spawning Pool  
  16  1:19  Drone  
  16  1:23  Drone  
  18  1:34  Drone  
  19  1:45  Overlord  
  19  2:03  Queen x2, Metabolic Boost  
  19  2:05  Zergling x2  
  24  2:09  Drone  
  24  2:12  Drone  
  26  2:15  Drone  
  26  2:18  Drone  
  26  2:21  Drone  
  29  2:32  Baneling Nest  
  29  2:33  Drone  
  29  2:41  Queen  
  29  2:44  Drone  
  32  2:47  Overlord  
  32  2:59  Drone  
  32  3:00  Drone x3  
  36  3:06  Zergling x2  
  37  3:17  Overlord, Zergling x2  
  37  3:18  Drone x3  
  40  3:29  Drone x3  
  40  3:30  Roach Warren  
  40  3:31  Overlord  
  42  3:37  Drone  
  43  3:42  Extractor  
  43  3:43  Overlord, Extractor  
  43  3:48  Drone  
  42  3:51  Drone x3  
  45  3:57  Overlord  
  45  4:11  Roach x6  
  57  4:20  Roach x2  
  57  4:21  Roach x2  
  57  4:22  Roach  
  66  4:32  Roach, Baneling x2  
  66  4:34  Roach  
  70  4:44  Zergling x6  
  73  4:48  Zergling x2  
  73  4:51  Overlord  
  73  4:52  Overlord  
  76  4:53  Roach  
  76  5:06  Baneling x2  
  76  5:09  Zergling x4  
  76  5:10  Zergling x10  
  83  5:22  Zergling x4  
  83  5:24  Ravager  
  83  5:25  Baneling x4  
  83  5:26  Ravager  
  83  5:27  Baneling  
  86  5:28  Zergling x2  
  86  5:29  Zergling x4  
  89  5:42  Zergling x4  
  91  5:43  Zergling x2  
  91  5:47  Baneling  
  91  5:48  Zergling x4  
  81  5:58  Zergling x2  
  81  6:02  Zergling x16  
  79  6:14  Hatchery  
  79  6:18  Roach x2  
  76  6:20  Lair  
  76  6:21  Evolution Chamber  
  75  6:34  Roach x7  
  75  6:35  Roach  
  91  6:46  Overlord  
  90  6:48  Zerg Missile Weapons Level 1  
  90  6:50  Roach  
  91  7:01  Roach  
  90  7:05  Roach x3  
  90  7:06  Roach  
  93  7:09  Roach  
  93  7:13  Roach  
  93  7:15  Overlord, Roach x2  
  99  7:16  Roach  
  99  7:28  Roach x3  
  103  7:33  Glial Reconstitution  
  103  7:35  Roach  
  105  7:47  Overlord  
  105  7:56  Overlord x2  
  105  8:05  Overlord  
  105  8:19  Roach x8  
  119  8:26  Roach x2  
  122  8:31  Ravager x2  
  122  8:32  Roach  
  122  8:33  Ravager  
  129  8:41  Roach  
  129  8:45  Overlord  
  129  8:47  Zergling x2  
  132  9:10  Overlord  
Tags
 
Add a new tag
Caveats
  • Supply blocks, unpowered buildings, or Contaminate may cause inaccurate times.
  • Supply counts are checked every 10 seconds.